 Dungeon Crawl Stone Soup version 0.29.1-1-gd02db6906a (webtiles) character file.

Game seed: 9552994094408183283

4190 Ashen the Chiller (level 10, 63/75 HPs)
             Began as a Demonspawn Ice Elementalist on Oct 11, 2022.
             Was a Follower of Vehumet.
             Got out of the dungeon alive.
             The game lasted 00:24:08 (11105 turns).

Ashen the Chiller (Demonspawn Ice Elementalist)    Turns: 11105, Time: 00:24:08

Health: 63/75      AC:  7    Str: 14    XL:     10   Next: 8%
Magic:  19/19      EV: 14    Int: 20    God:    Vehumet [*.....]
Gold:   1449       SH:  4    Dex: 15    Spells: 11/22 levels left

rFire   x . .      SeeInvis .   E - +5 war axe (elec)
rCold   + . .      Faith    .   (no shield)
rNeg    . . .      Spirit   .   z - +3 leather armour
rPois   .          Reflect  .   (no helmet)
rElec   .          Harm     .   u - +0 cloak
rCorr   .          Rampage  .   (no gloves)
Will    .....                   (no boots)
Stlth   ++++......              (no amulet)
HPRegen 0.22/turn               p - ring of ice
MPRegen 0.16/turn               h - +6 ring of strength

@: no status effects
A: large bone plates 1, demonic guardian 2, demonic magic 1, demonic touch 2,
camouflage 1, wild magic 2
a: Renounce Religion


You escaped.
You worshipped Vehumet.
Vehumet was aware of your devotion.
You visited 2 branches of the dungeon, and saw 9 of its levels.
You also visited: Ossuary and Bailey.

You collected 1449 gold pieces.

Inventory:

Hand Weapons
 f - a +1 whip of distortion
 C - a +2 war axe of venom
 E - a +5 war axe of electrocution (weapon)
Missiles
 c - 6 javelins
Armour
 u - a +0 cloak (worn)
 z - a +3 leather armour (worn)
Magical Staves
 g - a staff of air
Jewellery
 h - a +6 ring of strength (right hand)
 p - a ring of ice (left hand)
 s - a ring of positive energy
Wands
 a - a wand of paralysis (19)
Scrolls
 d - 2 scrolls of torment {unknown}
 j - 3 scrolls of immolation {unknown}
 k - 2 scrolls of poison {unknown}
 l - a scroll of magic mapping
 o - a scroll of fear
 r - 2 scrolls of blinking
 x - 2 scrolls of amnesia
 y - 5 scrolls of teleportation
 A - a scroll of vulnerability {unknown}
Potions
 b - 2 potions of magic
 e - a potion of might
 i - 5 potions of curing
 m - a potion of degeneration
 n - a potion of haste
 q - 8 potions of flight
 v - 2 potions of heal wounds
 w - 2 potions of brilliance {unknown}
 B - a potion of resistance {unknown}
 D - a potion of lignification
 F - a potion of invisibility {unknown}


   Skills:
 + Level 5.6 Fighting
 + Level 5.6 Dodging
 - Level 5.0 Stealth
 * Level 6.6 Spellcasting
 * Level 5.0 Conjurations
 * Level 7.3 Ice Magic


You had 11 spell levels left.
You knew the following spells:

 Your Spells              Type           Power      Damage    Failure   Level
a - Freeze                Ice            100%       1d11      3%          1
b - Frozen Ramparts       Ice            100%       1d16      6%          3
c - Ozocubu's Armour      Ice            72%        N/A       6%          3
d - Hailstorm             Conj/Ice       66%        3d14      21%         4

Your spell library contained the following spells:

 Spells                   Type           Power      Damage    Failure   Level
 Magic Dart               Conj           100%       1d8       5%          1
 Shock                    Conj/Air       100%       1d9       11%         1
 Ensorcelled Hibernation  Hex/Ice        100%       N/A       11%         2
 Beastly Appendage        Tmut           20%        N/A       26%         1
 Passwall                 Tmut/Erth      8%         N/A       34%         2
 Wereblood                Tmut           10%        N/A       34%         2
 Confusing Touch          Hex            10%        N/A       54%         3
 Spider Form              Tmut/Pois      10%        N/A       54%         3
 Swiftness                Air            10%        N/A       54%         3
 Airstrike                Air            5%         2d(1-17)  88%         4
 Yara's Violent Unravell  Hex/Tmut       5%         3d4       99%         5
 Enfeeble                 Hex            5%         N/A       100%        7


Dungeon Overview and Level Annotations

Branches:
Dungeon (8/15)             Temple (1/1) D:6         Ossuary (visited)
 Bailey (visited)
   Lair: D:8-11

Altars:
Ashenzari
Cheibriados
Dithmenos
Gozag
Hepliaklqana
Kikubaaqudgha
Nemelex Xobeh
Okawaru
Qazlal
Ru
Sif Muna
Trog
Vehumet
Xom
Yredelemnul

Shops:
D:7 [(   D:8 (

Annotations:
D:3 Sigmund
D:4 Menkaure


Innate Abilities, Weirdness & Mutations

You are partially covered in large bone plates. (SH +4)
A demonic guardian rushes to your aid.
Spells you cast may paralyse adjacent enemies.
Your touch may inflict irresistible damage on your foes.
Your skin changes colour to match your surroundings (Stealth+).
Your spells are harder to cast, but more powerful.


Message History

(D) Dungeon (T) Temple
Where to? (Enter - D:1, ? - help)
Your icy armour cracks and falls away as you move.
The frozen ramparts melt away as you move.
You see here a +0 dagger of venom.
Items here: )) [ †.
There is a stone staircase leading up here.
You climb upwards.
There is a stone staircase leading down here.
You see here a +0 short sword of protection.
You see here a +0 shortbow.
Magic restored.
There is a stone staircase leading up here.
You climb upwards.
There is a stone staircase leading down here.
There is a stone staircase leading up here.
You climb upwards.
There is a stone staircase leading down here.
There is a stone staircase leading up here.
You climb upwards.
Level annotation: Menkaure
There is a stone staircase leading down here.
Menkaure is nearby!
There is a stone staircase leading up here.
You climb upwards.
Level annotation: Sigmund
There is a stone staircase leading down here.
(D) Dungeon (T) Temple
Where to? (Enter - D:1, ? - help)
What level of the Dungeon? (default 1, ? - help)
There is a stone staircase leading up here.
You climb upwards.
There is a stone staircase leading down here.
There is a stone staircase leading up here.
You climb upwards.
There is a stone staircase leading down here.
There is an open door here.
There is a staircase leading out of the dungeon here.
Are you sure you want to leave the Dungeon?
This will make you lose the game!
You have escaped!

.....# #.#
.##..####.#
..........#
##..#######
################
#####Z#^#^#^#N#
##Z#Z############
Z#####..........##
##..............@#
...#######......##
####Z#Z#T########
Z#Z#######Z#Z#Z#
#### #######
###########
#.........#
#.#######.# #.#
#.#


You could see a naga (wandering) and a merfolk skeleton (wandering).

Vanquished Creatures
  A water moccasin (D:4)
  A sky beast (D:4)
  8 orc warriors
  4 ice beasts
  2 black bears (D:7)
  A centaur (D:7)
  3 ogres
  3 bullfrogs
  2 necrophages
  4 scorpions
  3 wights (D:8)
  5 killer bees (D:7)
  2 centaur zombies (Ossuary)
  A human zombie (Ossuary)
  4 hounds
  2 orc priests
  3 jellies
  3 iguanas
  Natasha (twice) (D:4)
  11 orc wizards
  2 mummies (Ossuary)
  5 gnolls
  6 adders
  A shadow imp (D:7)
  3 white imps
  2 ufetubi
  An adder zombie (Ossuary)
  A worm (D:2)
  3 dart slugs
  26 orcs
  4 bats
  8 endoplasms
  3 giant cockroaches
  13 goblins
  6 hobgoblins
  4 jackals (D:4)
  15 kobolds
  5 quokkas
  7 ball pythons
  2 frilled lizards (D:3)
  A goblin zombie (Ossuary)
  11 hobgoblin zombies (Ossuary)
  7 kobold zombies (Ossuary)
  10 orc zombies (Ossuary)
  6 rats
  4 rat zombies (Ossuary)
221 creatures vanquished.

Vanquished Creatures (collateral kills)
  A water moccasin (D:6)
  2 orc warriors (Bailey)
  A gnoll bouda (D:5)
  4 gnolls
  A shadow imp (D:5)
  4 orcs
  A kobold (Bailey)
14 creatures vanquished.

Grand Total: 235 creatures vanquished

Notes
Turn   | Place    | Note
-------+----------+-------------------------------------------
     0 | D:1      | Ashen the Demonspawn Ice Elementalist began the quest for
                  | the Orb.
     0 | D:1      | Reached XP level 1. HP: 13/13 MP: 3/3
     0 | D:1      | Noticed a naga
     7 | D:1      | Noticed a troll
    13 | D:1      | Noticed a minotaur zombie
    15 | D:1      | Noticed a merfolk zombie
    19 | D:1      | Noticed an octopode
   481 | D:1      | Gained mutation: Your touch may inflict minor irresistible
                  | damage on your foes. [demonic ancestry]
   481 | D:1      | Reached XP level 2. HP: 17/20 MP: 1/5
  1564 | D:2      | Reached skill level 1 in Fighting
  1679 | D:2      | Reached XP level 3. HP: 23/26 MP: 4/6
  2511 | D:3      | Found a faded altar of an unknown god.
  2533 | D:3      | Learned a level 3 spell: Frozen Ramparts
  2537 | D:3      | Learned a level 3 spell: Ozocubu's Armour
  2592 | D:3      | Gained mutation: A weak demonic guardian rushes to your
                  | aid. [demonic ancestry]
  2592 | D:3      | Reached XP level 4. HP: 30/32 MP: 2/7
  2696 | D:3      | Found a stormy altar of Qazlal.
  2796 | D:3      | Reached skill level 4 in Ice Magic
  2887 | D:3      | Noticed Sigmund
  3813 | D:4      | Gained mutation: You are partially covered in large bone
                  | plates. (SH +4) [demonic ancestry]
  3813 | D:4      | Reached XP level 5. HP: 32/38 MP: 5/9
  4284 | D:4      | Noticed Menkaure
  4363 | D:4      | Noticed Natasha
  4371 | D:4      | Killed Natasha
  4441 | D:4      | Gained mutation: A demonic guardian rushes to your aid.
                  | [demonic ancestry]
  4441 | D:4      | Reached XP level 6. HP: 34/46 MP: 10/10
  4443 | D:4      | Noticed a sky beast
  4447 | D:4      | Killed a sky beast
  4452 | D:4      | Noticed Natasha
  4459 | D:4      | Killed Natasha
  4690 | D:4      | Noticed a water moccasin
  4699 | D:4      | Killed a water moccasin
  4700 | D:4      | Gained mutation: Your touch may inflict irresistible damage
                  | on your foes. [demonic ancestry]
  4700 | D:4      | Reached XP level 7. HP: 43/52 MP: 4/12
  4870 | D:5      | Entered Level 5 of the Dungeon
  5160 | D:5      | Found a sand-covered staircase.
  5175 | D:5      | Reached skill level 5 in Ice Magic
  5252 | Ossuary  | Entered an ossuary
  5258 | Ossuary  | Learned a level 4 spell: Hailstorm
  5563 | D:5      | Reached XP level 8. HP: 58/60 MP: 14/14
  6032 | D:5      | You fall into a shaft and drop 3 floors!
  6032 | D:8      | Found Pebiups's Weapon Shop.
  6128 | D:7      | Found a flagged portal.
  6138 | Bailey   | Entered a bailey
  6370 | Bailey   | Reached skill level 1 in Conjurations
  6633 | Bailey   | Reached skill level 5 in Stealth
  6633 | Bailey   | Reached skill level 5 in Spellcasting
  6691 | Bailey   | Reached skill level 6 in Ice Magic
  6898 | Bailey   | Reached XP level 9. HP: 66/66 MP: 9/16
  7118 | D:7      | Found Dosmomn's Weapon Shop.
  7354 | D:7      | Found Ufuolipt's Antique Armour Shop.
  7367 | D:7      | Reached skill level 5 in Dodging
  7901 | D:6      | Found a staircase to the Ecumenical Temple.
  7931 | Temple   | Entered the Ecumenical Temple
  7996 | Temple   | Became a worshipper of Vehumet
  8042 | D:6      | Reached skill level 5 in Fighting
  9815 | D:7      | Reached skill level 7 in Ice Magic
 10357 | D:7      | Reached * piety under Vehumet
 10357 | D:7      | Offered knowledge of Magic Dart by Vehumet.
 10757 | D:8      | Found a sacrificial altar of Ru.
 10757 | D:8      | Found an opulent altar of Gozag.
 10786 | D:8      | Found a bloodstained altar of Trog.
 10851 | D:8      | Gained mutation: Spells you cast may paralyse adjacent
                  | enemies. [demonic ancestry]
 10851 | D:8      | Reached XP level 10. HP: 59/74 MP: 9/19
 10860 | D:8      | Reached skill level 5 in Conjurations
 10885 | D:8      | Gained mutation: Your muscles are strong. (Str +4, Int/Dex
                  | -1) [potion of mutation]
 10885 | D:8      | Gained mutation: You occasionally lose the ability to drink
                  | potions when taking damage. [potion of mutation]
 10885 | D:8      | Gained mutation: Your spells are a little harder to cast,
                  | but a little more powerful. [potion of mutation]
 10886 | D:8      | Lost mutation: Your muscles are strong. (Str +4, Int/Dex
                  | -1) [potion of mutation]
 10886 | D:8      | Lost mutation: You occasionally lose the ability to drink
                  | potions when taking damage. [potion of mutation]
 10886 | D:8      | Gained mutation: Your spells are harder to cast, but more
                  | powerful. [potion of mutation]
 10886 | D:8      | Gained mutation: Your skin changes colour to match your
                  | surroundings (Stealth+). [potion of mutation]
 11105 | D:$      | Got out of the dungeon alive.

Illustrated notes

Levels and vault maps discovered:
D:1:      shiori_arrival_whats_in_store_for_you, layout_basic, minmay_quantized
D:2:      minmay_angry_zag, layout_loops_ring, grunt_ministairs_10
D:3:      layout_rooms, nicolae_qazlal_scattered_showers,
          mainiacjoe_overflow_catwalk, hellmonk_ecumenical_altar_crossroads,
          minmay_fractal_squares_diagonal_5, uniq_sigmund
D:4:      layout_rooms, serial_glass, glass_columns_b, glass_columns_a,
          glass_columns_c, glass_columns_c, glass_columns_b, glass_columns_a,
          grunt_ministairs_9, hangedman_abyss_or_decor_stagger, minmay_circle_x,
          uniq_natasha, uniq_menkaure
D:5:      layout_layer_cave, nicolae_ossuary_entry_false_entrances,
          minivault_14, minmay_crystal_room, kennysheep_generic_room_2
D:6:      layout_loops_corners, minmay_temple_entry_statues_fountains,
          minmay_misc_feat_iff
D:7:      layout_basic, enter_bailey_3, serial_shops, nicolae_shop_crystal,
          nicolae_shop_stone, minivault_14, kennysheep_generic_room_16
D:8:      layout_rooms, nicolae_overflow_hidden_temple, serial_shops,
          nicolae_stop_n_shop_1
Temple:   cyrus_circular_temple

Skill      XL: |  1  2  3  4  5  6  7  8  9 10 |
---------------+-------------------------------+-----
Stealth        | 2 3 4 5 |  5.0
Dodging        | 2 3 4 5 |  5.6
Fighting       | 1 2 3 4 5 |  5.6
Ice Magic      | 4 5 6 7 |  7.3
Spellcasting   | 3 4 5 6 |  6.6
Conjurations   | 2 4 5 |  5.0

Action                   |  1- 3 |  4- 6 |  7- 9 | 10-12 || total
-------------------------+-------+-------+-------+-------++-------
Melee: Unarmed           |     6 |       |       |       ||     6
       Short sword       |    15 |       |       |       ||    15
       Punch             |     1 |       |     4 |     1 ||     6
       Touch             |     6 |     6 |    41 |     3 ||    56
       Staff             |     9 |    12 |       |       ||    21
       War axe           |       |    24 |   242 |    15 ||   281
 Cast: Freeze            |    48 |    59 |       |       ||   107
       Frozen Ramparts   |       |     2 |    19 |     2 ||    23
       Ozocubu's Armour  |       |       |    16 |     2 ||    18
       Hailstorm         |       |       |     1 |       ||     1
Evoke: Wand              |       |     1 |    10 |       ||    11
  Use: Scroll            |       |       |    18 |       ||    18
       Potion            |       |       |     2 |     2 ||     4
 Stab: Sleeping          |     9 |     4 |    13 |       ||    26
Armor: Robe              |     4 |     5 |       |       ||     9
       Leather armour    |       |    20 |    92 |     5 ||   117
       Skin              |       |       |     4 |       ||     4
Dodge: Dodged            |    40 |    53 |   171 |    10 ||   274
Block: Other             |       |    13 |    50 |     1 ||    64
